 Dungeon Crawl Stone Soup version 0.28.0 (webtiles) character file.

Game seed: 10603351767454689326

6 blackman the Chopper (level 2, 24/24 HPs)
             Began as a Human Monk on Feb 6, 2022.
             Was a Believer of Fedhas.
             Quit the game on level 1 of the Dungeon.
             The game lasted 00:00:50 (661 turns).

blackman the Chopper (Human Monk)                    Turns: 661, Time: 00:00:51

Health: 24/24      AC:  6    Str: 11    XL:     2   Next: 0%
Magic:  2/2        EV:  9    Int: 10    God:    Fedhas [**....]
Gold:   24         SH:  0    Dex: 15    Spells: 1/1 levels left

rFire   . . .      SeeInvis .   a - +0 hand axe
rCold   . . .      Faith    .   (no shield)
rNeg    . . .      Spirit   .   d - +0 scale mail
rPois   .          Reflect  .   (no helmet)
rElec   .          Harm     .   (no cloak)
rCorr   .          Rampage  .   (no gloves)
Will    .....                   (no boots)
Stlth   +.........              (no amulet)
HPRegen 0.08/turn               (no ring)
MPRegen 0.08/turn               (no ring)

@: no status effects
A: no striking features
a: Renounce Religion, Wall of Briars


You were on level 1 of the Dungeon.
You worshipped Fedhas.
Fedhas was pleased with you.
You visited 1 branch of the dungeon, and saw 1 of its levels.

You collected 24 gold pieces.

Inventory:

Hand Weapons
 a - a +0 hand axe (weapon)
Armour
 b - a +0 robe
 d - a +0 scale mail (worn)
Scrolls
 c - 2 scrolls of identify {unknown}
 f - a scroll of amnesia {unknown}
Potions
 e - 2 potions of flight {unknown}


   Skills:
 - Level 3.0 Fighting
 + Level 3.4 Axes
 - Level 3.0 Dodging
 - Level 2.0 Stealth


You had one spell level left.
You didn't know any spells.
Your spell library contained the following spells:

 Spells                   Type           Power      Damage    Failure   Level
 Ozocubu's Armour         Ice            0%         N/A       100%        3
 Metabolic Englaciation   Hex/Ice        0%         N/A       100%        5
 Simulacrum               Ice/Necr       0%         N/A       100%        6


Dungeon Overview and Level Annotations

Branches:
Dungeon (1/15)

Altars:
Fedhas


Message History

Found 24 bolts.
You now have 16 gold pieces (gained 6).
You open the door.
There is an open door here.
You open the door.
There is an open door here.
You now have 24 gold pieces (gained 8).
Found an escape hatch in the floor.
e - a fizzy yellow potion A rat comes into view.
You see here a scroll labelled OSMECU AMODI.
A rat is nearby!
The rat bites you.
You slash the rat!
You kill the rat!
You have reached level 2!
c - 2 scrolls labelled OSMECU AMODI (gained 1) Key pressed, stopping explore.
Key pressed, stopping explore.
Key pressed, stopping explore.
You open the door.
There is an open door here.
There is an open door here.
Found a dagger.
Found a faded altar of an unknown god.
You pick up a book of Winter and begin reading...
You add the spells Ozocubu's Armour, Metabolic Englaciation and Simulacrum to your library.
e - 2 fizzy yellow potions (gained 1)
f - a scroll labelled ZOIDOKLAOP
Found a stone staircase leading down.
Unknown command.
There is a faded altar of an unknown god here.
You see here a +0 dagger.
Okay, then.
You cannot tell which god this altar belongs to.
Convert to them anyway?
Fedhas accepts your prayer! Fedhas welcomes you!
You can now encircle yourself with summoned briar patches.
The plants of the dungeon cease their hostilities.
Okay, then.
Are you sure you want to abandon this character and quit the game? (Confirm with "yes".)

####### #. #.....#
#. #>####.....# #.
#..........# #.
#.....# #.
#####.....# #.
#.......### #.
##........# #.
#...@...#.# ###.
.##.........# #...
..........#### #.##
.....####.#.## #...
.....
###....###########.
.....
+..................
....
###....###########.
... #.#.## ## #.###
#


There were no monsters in sight!

Vanquished Creatures
  A dart slug (D:1)
  A hobgoblin (D:1)
  3 rats (D:1)
5 creatures vanquished.

Notes
Turn   | Place    | Note
-------+----------+-------------------------------------------
     0 | D:1      | blackman the Human Monk began the quest for the Orb.
     0 | D:1      | Reached XP level 1. HP: 18/18 MP: 1/1
   544 | D:1      | Reached XP level 2. HP: 22/24 MP: 2/2
   634 | D:1      | Found a faded altar of an unknown god.
   660 | D:1      | Prayed at the altar of an unknown god.
   660 | D:1      | Became a worshipper of Fedhas Madash
   660 | D:1      | Reached * piety under Fedhas
   660 | D:1      | Reached ** piety under Fedhas
   661 | D:1      | Quit the game

Illustrated notes

Levels and vault maps discovered:
D:1:      minmay_arrival_wavy_path, layout_loops_corners,
          ebering_ecumenical_altar_sacrificial

Action                   || total
-------------------------++-------
Melee: Hand axe          ||    17
       Punch             ||     1
Armor: Scale mail        ||     5
Dodge: Dodged            ||     6
